 Dungeon Crawl Stone Soup version 0.27-a0-1273-gec92ba881d (webtiles) character file.

Game seed: 7785877649128018389

327 deletemesenpai the Chopper (level 6, 0/53 HPs)
             Began as a Hill Orc Fighter on June 11, 2021.
             Slain by a killer bee (2 damage)
             ... on level 4 of the Dungeon.
             The game lasted 00:09:02 (4660 turns).

deletemesenpai the Chopper (Hill Orc Fighter)       Turns: 4660, Time: 00:09:04

Health: 0/53       AC:  8    Str: 27    XL:     6   Next: 50%
Magic:  6/6        EV:  8    Int:  8    God:
Gold:   269        SH: 10    Dex: 10    Spells: 5/5 levels left

rFire    . . .     SeeInvis .   a - +0 war axe
rCold    . . .     Faith    .   c - +0 kite shield
rNeg     . . .     Spirit   .   b - +0 scale mail
rPois    .         Reflect  .   (no helmet)
rElec    .         Harm     .   y - +0 cloak
rCorr    .         Rampage  .   (no gloves)
Will     +....                  (no boots)
Stlth    ..........             (no amulet)
HPRegen  0.17/turn              x - ring of willpower
MPRegen  0.10/turn              s - +6 ring of strength

@: mighty
A: no striking features
a: no special abilities


You were on level 4 of the Dungeon.
You visited 1 branch of the dungeon, and saw 4 of its levels.

You collected 269 gold pieces.

Inventory:

Hand Weapons
 a - a +0 war axe (weapon)
 d - a +2 triple sword of holy wrath
Missiles
 e - 8 atropa-tipped darts (quivered)
 u - 2 boomerangs
 v - 24 poisoned darts
Armour
 b - a +0 scale mail (worn)
 c - a +0 kite shield (worn)
 y - a +0 cloak (worn)
Jewellery
 g - a ring of flight
 s - a +6 ring of strength (right hand)
 x - a ring of willpower (left hand)
Wands
 p - a wand of mindburst (17)
Scrolls
 f - 2 scrolls of teleportation {unknown}
 h - 3 scrolls of enchant weapon {unknown}
 i - 4 scrolls of identify {unknown}
 l - a scroll of fog {unknown}
 q - a scroll of noise {unknown}
 t - a scroll of blinking {unknown}
 z - 2 scrolls of immolation {unknown}
Potions
 j - 2 potions of berserk rage {unknown}
 k - a potion of degeneration {unknown}
 m - a potion of haste {unknown}
 n - 4 potions of heal wounds {unknown}
 o - 2 potions of magic {unknown}
 r - a potion of flight {unknown}
 w - a potion of curing {unknown}


   Skills:
 + Level 4.3 Fighting
 * Level 6.7 Axes
 + Level 4.3 Armour
 + Level 4.4 Shields


You had 5 spell levels left.
You didn't know any spells.
Your spell library contained the following spells:

 Spells                   Type           Power      Damage    Failure   Level
 Magic Dart               Conj           0%         1d3       98%         1
 Searing Ray              Conj           0%         3d3       99%         2
 Confusing Touch          Hex            0%         N/A       100%        3
 Dazzling Flash           Conj/Hex       0%         N/A       100%        3
 Gell's Gravitas          Tloc           0%         N/A       100%        3
 Fulminant Prism          Conj/Hex       0%         3d6       100%        4
 Iskenderun's Mystic Bla  Conj/Tloc      0%         2d3       100%        4
 Petrify                  Tmut/Erth      0%         N/A       100%        4
 Metabolic Englaciation   Hex/Ice        0%         N/A       100%        5
 Yara's Violent Unravell  Hex/Tmut       0%         3d3       100%        5


Dungeon Overview and Level Annotations

Branches:
Dungeon (4/15)
 Temple: D:4-7

Altars:
Elyvilon
Kikubaaqudgha
Vehumet

Annotations:
D:4 exclusion: statue


Message History

You closely miss the killer bee. x2
You feel very sick. The killer bee completely misses you.
The killer bee barely misses you. The killer bee stings you!
You block the killer bee's attack. The killer bee stings you.
You block the killer bee's attack.
You feel sick. You block the killer bee's attack.
You feel very mighty all of a sudden.
You feel sick. You block the killer bee's attack. x2
You closely miss the killer bee. You slash the killer bee!
You kill the killer bee!
You feel sick. The killer bee barely misses you. x2
You barely miss the killer bee. You miss the killer bee.
You feel sick.
The killer bee stings you but does no damage.
The killer bee stings you.
The killer bee stings you but does no damage.
The killer bee stings you.
The killer bee stings you but does no damage.
You barely miss the killer bee. You closely miss the killer bee.
You feel sick.
You are no longer poisoned.
The killer bee barely misses you. You block the killer bee's attack.
The killer bee stings you!
* * * LOW HITPOINT WARNING * * *
The killer bee barely misses you. The killer bee stings you.
* * * LOW HITPOINT WARNING * * *
The killer bee stings you.
* * * LOW HITPOINT WARNING * * *
You block the killer bee's attack. The killer bee closely misses you.
You slash the killer bee!
The killer bee is severely wounded.
You closely miss the killer bee. You block the killer bee's attack. x2
The killer bee stings you but does no damage.
You block the killer bee's attack. The killer bee barely misses you.
The killer bee stings you but does no damage.
You hit the killer bee but do no damage.
The killer bee is severely wounded.
You miss the killer bee. You block the killer bee's attack.
The killer bee closely misses you.
The killer bee stings you but does no damage.
You block the killer bee's attack. The killer bee stings you.
You die...

#...............##.##.#
#.######...........##.#
#.# ####.############.#
#.# #...............#.#
#.# #.........#####.#.#
# ######### #.......(.#
#.#.# ## ≈≈≈≈≈≈#
#.........# #.#.# ##.
......#####.........#
#.#.###.#
...............y@...#
#.#.##.8.
......####....†y....#
#.#.#.... ≈≈≈≈≈≈#
#####'##+### #.#.'....
####### #)...#
#.###.... #..###
#.####.8. #..#
#.##.##.# #..#
#.##.###. #..# #.##.#
## #... #.##.# #


You could see 2 killer bees.

Vanquished Creatures
  An ogre (D:4)
  A killer bee (D:4)
  An iguana (D:4)
  An orc wizard (D:4)
  3 adders
  2 worms (D:2)
  3 dart slugs
  5 orcs
  6 bats
  4 bat zombies (D:4)
  9 endoplasms
  3 giant cockroaches (D:1)
  5 hobgoblins
  9 jackals
  4 quokkas
  10 ball pythons
  2 frilled lizards (D:1)
  13 goblins
  8 kobolds
  9 rats
  A rat zombie (D:4)
100 creatures vanquished.

Notes
Turn   | Place    | Note
-------+----------+-------------------------------------------
     0 | D:1      | deletemesenpai the Hill Orc Fighter began the quest for the
                  | Orb.
     0 | D:1      | Reached XP level 1. HP: 19/19 MP: 1/1
   521 | D:1      | Reached XP level 2. HP: 26/26 MP: 2/2
   775 | D:1      | Reached skill level 3 in Axes
   953 | D:1      | Reached XP level 3. HP: 27/33 MP: 3/3
  2065 | D:2      | Found a white marble altar of Elyvilon.
  2077 | D:2      | Reached skill level 4 in Axes
  2113 | D:2      | Reached XP level 4. HP: 38/40 MP: 4/4
  3704 | D:3      | Found a faded altar of an unknown god.
  3769 | D:4      | Reached skill level 5 in Axes
  3769 | D:4      | Reached XP level 5. HP: 46/46 MP: 5/5
  3979 | D:4      | Noticed an ogre
  3996 | D:4      | Killed an ogre
  3997 | D:4      | Reached skill level 6 in Axes
  3997 | D:4      | Reached XP level 6. HP: 34/52 MP: 6/6
  4226 | D:4      | Found a radiant altar of Vehumet.
  4618 | D:4      | Found an ancient bone altar of Kikubaaqudgha.
  4657 | D:4      | HP: 1/53 [killer bee (6)]
  4660 | D:4      | Slain by a killer bee

Illustrated notes

Levels and vault maps discovered:
D:1:      minmay_arrival_jagged, layout_basic
D:2:      layout_loops_ring, basic_altar, corexii_hall_statues_u,
          minmay_bisected
D:3:      layout_basic, chequers_ecumenical_altar_twisty, nrook_mini_backslash
D:4:      layout_basic, lemuel_zombie_altar_kikubaaqudgha, vehumet_statue,
          grunt_ministairs_2, dk_noncrumbling_3

Skill      XL: |  1  2  3  4  5 |
---------------+----------------+-----
Axes           | 3 4 5 6 |  6.7
Fighting       | 4 |  4.3
Shields        | 4 |  4.4
Armour         | 4 |  4.3

Action                   |  1- 3 |  4- 6 || total
-------------------------+-------+-------++-------
Melee: War axe           |   151 |   132 ||   283
  Use: Potion            |       |     2 ||     2
Armor: Scale mail        |    99 |    67 ||   166
Dodge: Dodged            |    53 |    51 ||   104
Block: Kite shield       |    82 |   105 ||   187

Table legend: (Time is in decaauts)
 A = Elapsed time spent in this place.
 B = Non-inter-level travel time spent in this place.
 C = Inter-level travel time spent in this place.
 D = Time resting spent in this place.
 E = Time spent auto-exploring this place.
 F = Levels seen in this place.
 G = Mean time per level.
                   A        B        C        D        E       F      G
               +--------+--------+--------+--------+--------+-----+--------+
         Total |   4804 |   4789 |     15 |    649 |   2896 |   4 | 1201.0 |
       Dungeon |   4804 |   4789 |     15 |    649 |   2896 |   4 | 1201.0 |
               +--------+--------+--------+--------+--------+-----+--------+

Top non-repeatable levels by time:
     D:1: 1936 daAuts
     D:2: 1069 daAuts
     D:4: 918 daAuts
     D:3: 880 daAuts
